 Dungeon Crawl Stone Soup version 0.26-a0-708-g17f3b190f9 (webtiles) character file.

Game seed: 10730644762015643292

16 Whiskey the Chiller (level 2, 0/19 HPs)
             Began as a Demonspawn Ice Elementalist on Oct 29, 2020.
             Killed from afar by a dart slug (6 damage)
             ... with a slug dart
             ... on level 1 of the Dungeon.
             The game lasted 00:00:48 (684 turns).

Whiskey the Chiller (Demonspawn Ice Elementalist)    Turns: 684, Time: 00:00:48

Health: 0/19       AC:  2    Str:  8    XL:     2   Next: 37%
Magic:  1/5        EV: 12    Int: 16    God:
Gold:   6          SH:  0    Dex: 13    Spells: 4/5 levels left

rFire    . . .     SeeInvis .   c - +0 dagger
rCold    . . .     Faith    .   (no shield)
rNeg     . . .     Spirit   .   a - +0 robe
rPois    .         Reflect  .   (no helmet)
rElec    .         Harm     .   (no cloak)
rCorr    .         Rampage  .   (no gloves)
MR       .....                  (no boots)
Stlth    ++........             b - amulet of magic regeneration
HPRegen  0.06/turn              (no ring)
MPRegen  0.34/turn              (no ring)

@: no status effects
A: powered by pain 1
a: no special abilities


You were on level 1 of the Dungeon.
You visited 1 branch of the dungeon, and saw 1 of its levels.

You collected 6 gold pieces.

Inventory:

Hand Weapons
 c - a +0 dagger (weapon)
   (You took it off a kobold on level 1 of the Dungeon)
Armour
 a - a +0 robe (worn)
Jewellery
 b - an amulet of magic regeneration (around neck)
   (You found it on level 1 of the Dungeon)
Scrolls
 d - a scroll of identify {unknown}


   Skills:
 - Level 1.7 Dodging
 - Level 1.7 Stealth
 - Level 2.0 Spellcasting
 * Level 4.2 Ice Magic


You had 4 spell levels left.
You knew the following spells:

 Your Spells              Type           Power        Failure   Level
a - Freeze                Ice            ###.         3%          1

Your spell library contained the following spells:

 Spells                   Type           Power        Failure   Level
 Frozen Ramparts          Ice            ###...       11%         3
 Ozocubu's Armour         Ice            ###.....     11%         3
 Hailstorm                Conj/Ice       #.......     65%         4
 Summon Ice Beast         Ice/Summ       #.......     65%         4


Dungeon Overview and Level Annotations

Branches:
Dungeon (1/15)

Altars:


Innate Abilities, Weirdness & Mutations

You sometimes gain a little power by taking damage.


Message History

The kobold closely misses you. The goblin hits you but does no damage.
You hit the goblin.
You kill the goblin!
The kobold hits you with a +0 dagger.
You take 2 damage, and have 14/19 hp.
You barely miss the kobold. The kobold misses you.
You hit the kobold but do no damage. The kobold hits you but does no damage.
You closely miss the kobold. The rat barely misses you.
The kobold barely misses you.
You hit the kobold.
You kill the kobold!
The rat bites you.
You take 1 damage, and have 13/19 hp.
You hit the rat but do no damage. The rat bites you.
You take 2 damage, and have 11/19 hp.
You barely miss the rat. The rat completely misses you.
You hit the rat. The rat misses you.
You closely miss the rat. The rat bites you.
You take 1 damage, and have 10/19 hp.
You barely miss the rat. The rat bites you but does no damage.
You hit the rat.
You kill the rat!
No target in view!
No target in view!
No target in view!
No target in view!
No target in view!
No target in view!
No target in view!
No target in view!
No target in view!
No target in view!
No target in view!
No target in view!
No target in view!
No target in view!
No target in view!
No target in view!
No target in view!
No target in view!
Things that are here:
a +0 club; a goblin corpse; Health restored: 19 A goblin comes into view.
It is wielding a +0 dagger.
A hobgoblin comes into view.
The hobgoblin shouts!
The goblin shouts!
A kobold comes into view.
The goblin hits you with a +0 dagger.
You take 2 damage, and have 17/19 hp.
The kobold shouts!
You hit the hobgoblin but do no damage. The hobgoblin hits you.
The goblin hits you with a +0 dagger.
You take 5 damage, and have 12/19 hp.
MASSIVE DAMAGE!!
You hit the hobgoblin but do no damage. The hobgoblin closely misses you.
The goblin hits you with a +0 dagger.
You take 2 damage, and have 10/19 hp.
You barely miss the hobgoblin. The hobgoblin hits you.
The goblin closely misses you.
You take 4 damage, and have 6/19 hp.
MASSIVE DAMAGE!!
You are too injured to fight recklessly!
You are too injured to fight recklessly!
You are too injured to fight recklessly!
You are too injured to fight recklessly!
You are too injured to fight recklessly!
You are too injured to fight recklessly!
You are too injured to fight recklessly!
You are too injured to fight recklessly!
You are too injured to fight recklessly!
You are too injured to fight recklessly!
You are too injured to fight recklessly!
You are too injured to fight recklessly!
You are too injured to fight recklessly!
You are too injured to fight recklessly!
Aim: a hobgoblin You freeze the hobgoblin.
The hobgoblin closely misses you. The goblin hits you but does no damage.
A dart slug comes into view.
You now have 4/5 mp.
Aim: a hobgoblin (almost dead)
You freeze the hobgoblin.
You kill the hobgoblin!
The goblin barely misses you.
You now have 3/5 mp.
Aim: a kobold, quivering 4 stones You freeze the kobold.
The kobold completely misses you. The goblin closely misses you.
Aim: a kobold, quivering 4 stones (heavily wounded)
You freeze the kobold.
You kill the kobold!
The goblin hits you but does no damage.
You now have 2/5 mp.
Aim: a goblin, wielding a +0 dagger You freeze the goblin.
The goblin misses you.
You now have 1/5 mp.
Aim: a goblin, wielding a +0 dagger (moderately wounded)
You freeze the goblin!
You kill the goblin!
The dart slug launches a dart at you. The slug dart hits you.
You die...

............#
#..............÷..)#
#..... ######'....##
#...w. #.....#..†...
..... #...[.#.##.##
...# #.....#.##..#
#..# #.....#.###.#
#()#. #.....#.###.#
#.@#..#######))...#
#..#.#.....#......#
#..##.....#........
#..#######..#......
##.................
############......
#...... ###.... ####


You could see a dart slug.

Vanquished Creatures
  2 bats (D:1)
  2 giant cockroaches (D:1)
  2 goblins (D:1)
  A hobgoblin (D:1)
  5 kobolds (D:1)
  3 rats (D:1)
15 creatures vanquished.

Notes
Turn   | Place    | Note
-------+----------+-------------------------------------------
     0 | D:1      | Whiskey the Demonspawn Ice Elementalist began the quest for
                  | the Orb.
     0 | D:1      | Reached XP level 1. HP: 13/13 MP: 3/3
   384 | D:1      | Reached skill level 4 in Ice Magic
   491 | D:1      | Gained mutation: You sometimes gain a little power by
                  | taking damage. [demonic ancestry]
   491 | D:1      | Reached XP level 2. HP: 19/19 MP: 5/5
   684 | D:1      | Killed from afar by a dart slug

Illustrated notes

Levels and vault maps discovered:
D:1:      elethiomel_arrival_quiet, layout_basic, minmay_3d_cube

Skill      XL: |  1 |
---------------+----+-----
Ice Magic      | 4 |  4.2
Dodging        | |  1.7
Stealth        | |  1.7
Spellcasting   | |  2.0

Action                   || total
-------------------------++-------
Melee: Dagger            ||    31
       Unarmed           ||    12
 Cast: Freeze            ||    14
 Stab: Sleeping          ||     1
Armor: Robe              ||     8
Dodge: Dodged            ||    38

Table legend: (Time is in decaauts)
 A = Elapsed time spent in this place.
 B = Non-inter-level travel time spent in this place.
 C = Inter-level travel time spent in this place.
 D = Time resting spent in this place.
 E = Time spent auto-exploring this place.
 F = Levels seen in this place.
 G = Mean time per level.
                   A        B        C        D        E       F      G
               +--------+--------+--------+--------+--------+-----+--------+
         Total |    683 |    683 |      0 |      0 |    583 |   1 |  683.0 |
       Dungeon |    683 |    683 |      0 |      0 |    583 |   1 |  683.0 |
               +--------+--------+--------+--------+--------+-----+--------+

Top non-repeatable levels by time:
     D:1: 683 daAuts

Table legend:
 A = Kills in this place as a percentage of kills in entire the game.
 B = Kills by you in this place as a percentage of kills by you in the entire game.
 C = Kills by friends in this place as a percentage of kills by friends in the entire game.
 D = Other kills in this place as a percentage of other kills in the entire game.
 E = Experience gained in this place as a percentage of experience gained in the entire game.
 F = Experience gained in this place divided by the number of levels of this place that you have seen.
                   A       B       C       D       E      F
               +-------+-------+-------+-------+-------+----------------------
         Total | 100.0 | 100.0 |   N/A |   N/A | 100.0 |  23.0
       Dungeon | 100.0 | 100.0 |   N/A |   N/A | 100.0 |  23.0
               +-------+-------+-------+-------+-------+----------------------
